 Dungeon Crawl Stone Soup version 0.22.1-1-ga44c0e5 (webtiles) character file.

87 Iscandelvey the Magician (level 4, -2/33 HPs)
             Began as a Demigod Wizard on Oct 2, 2018.
             Slain by a hound (6 damage)
             ... on level 4 of the Dungeon.
             The game lasted 00:12:01 (2923 turns).

Iscandelvey the Magician (Demigod Wizard)           Turns: 2923, Time: 00:12:01

Health: -2/33      AC:  2    Str: 10    XL:     4   Next: 7%
Magic:  3/12       EV: 12    Int: 24    God:
Gold:   146        SH:  0    Dex: 14    Spells: 2/10 levels left

rFire    . . .     SeeInvis .   c - +0 spear
rCold    . . .     Gourm    .   (no shield)
rNeg     . . .     Faith    .   a - +0 robe
rPois    +         Spirit   .   b - +0 hat
rElec    .         Reflect  .   (no cloak)
rCorr    .         Harm     .   (no gloves)
MR       .....                  (no boots)
Stlth    ++........             (no amulet)
HPRegen  0.11/turn              p - ring of poison resistance
MPRegen  0.13/turn              (no ring)

@: no status effects
A: high mp 1
a: no special abilities


You were on level 4 of the Dungeon.
You were not hungry.

You visited 1 branch of the dungeon, and saw 4 of its levels.

You collected 146 gold pieces.

Inventory:

Hand Weapons
 c - a +0 spear (weapon)
Missiles
 v - 5 needles of frenzy
Armour
 a - a +0 robe (worn)
 b - a +0 hat (worn)
 u - a +0 crystal plate armour
Jewellery
 p - a ring of poison resistance (left hand)
 x - an uncursed ring of positive energy {unknown}
Scrolls
 g - 4 scrolls of identify {unknown}
 h - a scroll of amnesia {unknown}
 i - a scroll of remove curse {unknown}
 q - 2 scrolls of immolation {unknown}
 w - a scroll of teleportation {unknown}
 y - a scroll of enchant armour {unknown}
Potions
 e - a potion of invisibility {unknown}
 f - a potion of agility {unknown}
 j - 2 potions of magic {unknown}
 k - a potion of mutation {unknown}
 l - 3 potions of curing {unknown}
 m - a potion of degeneration {unknown}
 n - a potion of heal wounds {unknown}
 o - 2 potions of brilliance {unknown}
 r - a potion of lignification {unknown}
 s - a potion of flight {unknown}
 t - a potion of resistance {unknown}
Comestibles
 d - 5 rations


   Skills:
 + Level 2.1 Dodging
 + Level 1.9 Stealth
 * Level 3.9 Spellcasting
 * Level 1.8 Conjurations
 + Level 0.8 Summonings
 + Level 0.8 Translocations


You had 2 spell levels left.
You knew the following spells:

 Your Spells              Type           Power        Failure   Level  Hunger
a - Magic Dart            Conj           ##..         4%          1    None
b - Blink                 Tloc           N/A          11%         2    #......
c - Call Imp              Summ           #.......     11%         2    #......
d - Conjure Flame         Conj/Fire      #.......     21%         3    ##.....

Your spell library contained the following spells:

 Spells                   Type           Power        Failure   Level  Hunger
 Slow                     Hex            #.......     16%         2    #......
 Mephitic Cloud           Conj/Pois/Air  #.......     22%         3    ##.....


Dungeon Overview and Level Annotations

Branches:
Dungeon (4/15)
 Temple: D:4-7

Annotations:
D:2 exclusion: oklob plant


Innate Abilities, Weirdness & Mutations

You have an increased reservoir of magic. (+10% MP)


Message History

* * * LOW HITPOINT WARNING * * *
There is a stone staircase leading up, spattered with blood here.
Found a ration.
A hound comes into view.
The hound moves out of view.
The hound barks!
The hound bites you but does no damage. The worm misses you.
There is a stone staircase leading up, spattered with blood here.
The hound barely misses you.
Casting: Magic Dart (safe; 4% risk of failure)
Confirm with . or Enter, or press ? or * to list all spells.
You blink.
The hound pauses to sniff the ground.
The hound bites you.
* * * LOW HITPOINT WARNING * * *
The hound closely misses you. The hound closely misses you.
The worm misses you.
There is a stone staircase leading up, spattered with blood here.
The hound bites you but does no damage. The hound bites you.
You die...

.######## ..
........# #
##.#######.# #.
...........# #..
#.........#
#...######....#####
#%................#
.#.......@#.####.#
+.......hw....#
###############


You could see a worm and a hound.

Vanquished Creatures
  A gnoll (D:1)
  2 adders (D:2)
  An ooze (D:2)
  2 worms (D:2)
  A ball python (D:1)
  5 bats
  A giant cockroach (D:1)
  7 goblins
  7 hobgoblins
  7 kobolds
  A quokka (D:3)
  6 frilled lizards
  8 rats
49 creatures vanquished.

Notes
Turn   | Place    | Note
-------+----------+-------------------------------------------
     0 | D:1      | Iscandelvey the Demigod Wizard began the quest for the Orb.
     0 | D:1      | Reached XP level 1. HP: 14/14 MP: 6/6
    33 | D:1      | Reached skill level 1 in Conjurations
   103 | D:1      | Reached skill level 3 in Spellcasting
   231 | D:1      | Reached XP level 2. HP: 20/20 MP: 2/8
   506 | D:1      | Learned a level 2 spell: Blink
   509 | D:1      | Learned a level 2 spell: Call Imp
   957 | D:1      | Reached XP level 3. HP: 26/26 MP: 7/10
  1750 | D:2      | Found a blossoming altar of Fedhas.
  1769 | D:2      | Noticed an oklob plant
  1994 | D:2      | Found a snail-covered altar of Cheibriados.
  2090 | D:2      | Reached XP level 4. HP: 33/33 MP: 1/12
  2331 | D:3      | Found a blossoming altar of Fedhas.
  2472 | D:3      | Found a hide-covered altar of Uskayaw.
  2473 | D:3      | Noticed a dagger
  2474 | D:3      | Noticed a hand axe
  2876 | D:4      | Learned a level 3 spell: Conjure Flame
  2923 | D:4      | Slain by a hound

Skill      XL: |  1 |
---------------+----+-----
Conjurations   | 1 |  1.8
Spellcasting   | 3 |  3.9
Dodging        | 2 |  2.1
Stealth        | |  1.9
Summonings     | |  0.8
Translocations | |  0.8

Action                   |  1- 3 |  4- 6 || total
-------------------------+-------+-------++-------
Melee: Spear             |    23 |     6 ||    29
 Cast: Magic Dart        |   106 |    22 ||   128
       Call Imp          |     1 |       ||     1
       Blink             |       |     1 ||     1
 Stab: Sleeping          |     3 |     2 ||     5
  Eat: Chunk             |     3 |     3 ||     6
Armor: Robe              |    17 |     2 ||    19
Dodge: Dodged            |    37 |     7 ||    44
